 Dungeon Crawl Stone Soup version 0.31-a0-202-g547052bce9 (webtiles) character file.

Game seed: 7726556045838532815

155 lunkers the Chopper (level 5, -4/45 HPs)
             Began as a Meteoran Wanderer on June 26, 2023.
             Slain by a gnoll
             ... wielding a +0 halberd
              (10 damage)
             ... on level 5 of the Dungeon.
             The game lasted 00:03:28 (1483 turns).

lunkers the Chopper (Meteoran Wanderer)             Turns: 1483, Time: 00:03:29

Health: -4/45      AC: 12    Str: 21    XL:     5   Next: 96%
Magic:  6/6        EV:  8    Int: 11    God:
Gold:   163        SH:  0    Dex: 10    Spells: 4/4 levels left

rFire   . . .        a - +6 broad axe (elec)
rCold   . . .        (no shield)
rNeg    . . .        b - +0 chain mail
rPois   .            p - +0 helmet
rElec   .            (no cloak)
rCorr   .            s - +0 pair of gloves
SInv    .            (no boots)
Will    .....        l - amulet of regeneration Stlth
                     (no ring)
HPRegen 1.07/turn    (no ring)
MPRegen 0.10/turn

%: no passive effects
@: glowing
A: sense surroundings 1, otherworldly, glowing, explore regen
a: no special abilities


You were on level 5 of the Dungeon.
You visited 1 branch of the dungeon, and saw 4 of its levels.

You collected 163 gold pieces.

Inventory:

Hand Weapons
 a - a +6 broad axe of electrocution (weapon)
 e - a +1 hand axe
Armour
 b - a +0 chain mail (worn)
 p - a +0 helmet (worn)
 s - a +0 pair of gloves (worn)
Jewellery
 l - an amulet of regeneration (around neck)
Scrolls
 c - a scroll of fog
 d - 2 scrolls of fear
 g - a scroll of immolation {unknown}
 h - a scroll of poison {unknown}
Potions
 f - a potion of mutation {unknown}
 i - a potion of resistance {unknown}
 j - 2 potions of curing {unknown}
 k - 3 potions of brilliance {unknown}
 q - a potion of lignification {unknown}
 r - 2 potions of heal wounds {unknown}


   Skills:
 - Level 3.2 Fighting
 + Level 6.1 Axes
 - Level 6.0 Armour
 - Level 1.2 Evocations


You had 4 spell levels left.
You didn't know any spells.
Your spell library was empty.

Dungeon Overview and Level Annotations

Branches:
Dungeon (3/15) Zot: 886

Altars:


Innate Abilities, Weirdness & Mutations

You passively map a small area around you.
You are easily found by Zot.
You glow in the dark.
You regain HP and MP as you explore.


Message History

You slash the gnoll!
The gnoll is almost dead.
You slash the gnoll! Lightning courses through the gnoll!
You kill the gnoll!
The gnoll closely misses you. The gnoll hits you with a +0 club.
The gnoll closely misses you. The gnoll hits you with a +0 club.
The gnoll hits you with a +0 whip.
Your Axes skill increases to level 6!
You closely miss the gnoll.
The gnoll is almost dead.
You slash the gnoll!
The gnoll hits you from afar with a +0 halberd!
* * * LOW HITPOINT WARNING * * *
The gnoll hits you with a +0 whip.
* * * LOW HITPOINT WARNING * * *
The gnoll hits you but does no damage.
You completely miss the gnoll.
The gnoll is severely wounded.
You barely miss the gnoll.
The gnoll hits you from afar with a +0 halberd!
* * * LOW HITPOINT WARNING * * *
The gnoll hits you with a +0 whip.
* * * LOW HITPOINT WARNING * * *
The gnoll hits you with a +0 club.
* * * LOW HITPOINT WARNING * * *
You slash the gnoll!
You kill the gnoll!
You barely miss the gnoll. The gnoll hits you but does no damage.
The gnoll hits you with a +0 club.
* * * LOW HITPOINT WARNING * * *
The gnoll closely misses you. The gnoll hits you but does no damage.
Things that are here:
a +0 whip; a +0 flail; a gnoll corpse Unknown command.
You slash the gnoll!
The gnoll is almost dead.
You hit the gnoll. Lightning courses through the gnoll!
You kill the gnoll!
The gnoll hits you with a +0 halberd!
You die...

* ### .. * * ,..#
.# ,* #.# .# ,*
#.# .# ,* #** ,
#.# .# ,... ###.#
.##...# **
#...####.......
##......@g......
#......)........
,
#.#..#######...#*
* * #.#..# ,..# *
#.#..# , # * ,
#.#..# ####.#..#
, #.......#
#.##.#.## , *


You could see a gnoll.

Vanquished Creatures
  An orc priest (D:3)
  5 adders
  3 gnolls (D:5)
  2 worms
  4 orcs (D:3)
  2 endoplasms (D:1)
  A giant cockroach (D:1)
  9 goblins
  2 hobgoblins (D:1)
  4 jackals (D:1)
  A quokka (D:3)
  4 ball pythons
  5 bats
  3 frilled lizards
  3 kobolds
  10 rats
59 creatures vanquished.

Notes
Turn   | Place    | Note
-------+----------+-------------------------------------------
     0 | D:1      | lunkers the Meteoran Wanderer began the quest for the Orb.
     0 | D:1      | lunkers set off with the following items: a +0 hand axe, a
                  | +0 chain mail, a scroll of fog, a scroll of fear.
     0 | D:1      | Reached XP level 1. HP: 19/19 MP: 2/2
    32 | D:1      | Reached XP level 2. HP: 26/26 MP: 3/3
   282 | D:1      | Reached XP level 3. HP: 30/31 MP: 4/4
   627 | D:2      | Reached XP level 4. HP: 34/38 MP: 5/5
   909 | D:2      | Identified a scroll of acquirement
   909 | D:2      | Acquired a +6 broad axe of electrocution
  1135 | D:3      | Reached skill level 5 in Axes
  1135 | D:3      | Reached XP level 5. HP: 14/45 MP: 6/6
  1458 | D:3      | You fall into a shaft and drop 2 floors!
  1458 | D:5      | Entered Level 5 of the Dungeon
  1483 | D:5      | Slain by a gnoll

Illustrated notes

Levels and vault maps discovered:
D:1:      dpeg_arrival_tiny_c, layout_rooms, minmay_pentomino_o4
D:2:      layout_basic, nicolae_the_louvre
D:3:      layout_basic, kennysheep_generic_room_12
D:5:      layout_loops_ring, patterned_corridor

Skill      XL: |  1  2  3  4  5 |
---------------+----------------+-----
Axes           | 2 3 4 5 6 |  6.1
Fighting       | |  3.2
Armour         | |  6.0
Evocations     | |  1.2

Action                     |  1- 3 |  4- 6 || total
---------------------------+-------+-------++-------
  Melee: Hand axe          |    88 |    10 ||    98
         Punch             |     2 |       ||     2
         Broad axe         |       |    47 ||    47
    Use: Scroll            |       |     6 ||     6
 Armour: Chain mail        |    85 |    34 ||   119
  Dodge: Dodged            |    42 |    18 ||    60

Table legend: (Time is in decaauts)
 A = Elapsed time spent in this place.
 B = Non-inter-level travel time spent in this place.
 C = Inter-level travel time spent in this place.
 D = Time resting spent in this place.
 E = Time spent auto-exploring this place.
 F = Levels seen in this place.
 G = Mean time per level.
                   A        B        C        D        E       F      G
               +--------+--------+--------+--------+--------+-----+--------+
         Total |   1512 |   1435 |     77 |      0 |   1059 |   4 |  378.0 |
       Dungeon |   1512 |   1435 |     77 |      0 |   1059 |   4 |  378.0 |
               +--------+--------+--------+--------+--------+-----+--------+

Top non-repeatable levels by time:
     D:2: 677 daAuts
     D:3: 430 daAuts
     D:1: 377 daAuts
     D:5: 26 daAuts
